 Dungeon Crawl Stone Soup version 0.29-a0-925-g0a7a3d12f8 (webtiles) character file.

Game seed: 13509327820091265882

33 gelatine the Ducker (level 3, 0/28 HPs)
             Began as a Demonspawn Gladiator on July 28, 2022.
             Succumbed to a kobold's poison
             ... on level 2 of the Dungeon.
             The game lasted 00:02:16 (1264 turns).

gelatine the Ducker (Demonspawn Gladiator)          Turns: 1264, Time: 00:02:17

Health: 0/28       AC:  9    Str: 16    XL:     3   Next: 12%
Magic:  3/3        EV: 10    Int: 15    God:
Gold:   36         SH:  0    Dex: 14    Spells: 2/2 levels left

rFire   . . .      SeeInvis .   a - +0 war axe
rCold   . . .      Faith    .   (no shield)
rNeg    . . .      Spirit   .   j - +0 scale mail
rPois   .          Reflect  .   c - +0 helmet
rElec   .          Harm     .   (no cloak)
rCorr   +          Rampage  .   (no gloves)
Will    .....                   (no boots)
Stlth   ..........              (no amulet)
HPRegen 0.09/turn               h - +6 ring of intelligence
MPRegen 0.08/turn               b - ring of resist corrosion

@: lethally poisoned (0 -> -7)
A: rugged brown scales 2
a: no special abilities


You were on level 2 of the Dungeon.
You visited 1 branch of the dungeon, and saw 2 of its levels.

You collected 36 gold pieces.

Inventory:

Hand Weapons
 a - a +0 war axe (weapon)
Missiles
 d - a throwing net (quivered)
Armour
 c - a +0 helmet (worn)
 j - a +0 scale mail (worn)
Jewellery
 b - a ring of resist corrosion (right hand)
 h - a +6 ring of intelligence (left hand)
Scrolls
 i - a scroll of identify {unknown}
 k - a scroll of enchant armour {unknown}
Potions
 f - a potion of haste {unknown}
 g - a potion of heal wounds {unknown}


   Skills:
 + Level 2.1 Fighting
 + Level 3.1 Axes
 + Level 1.9 Throwing
 + Level 0.3 Armour
 + Level 3.3 Dodging


You had 2 spell levels left.
You didn't know any spells.
Your spell library was empty.

Dungeon Overview and Level Annotations

Branches:
Dungeon (2/15)

Altars:


Innate Abilities, Weirdness & Mutations

You are mostly covered in rugged brown scales. (AC +2, +5% HP)


Message History

Your experience leads to an increase in your attributes!
Your base attributes are Str 14, Int 9, Dex 14.
Increase (S)trength, (I)ntelligence, or (D)exterity?
You feel stronger. x2; Your demonic ancestry asserts itself...
Rugged brown scales spread over more of your body.
You barely miss the kobold. You hit the kobold.
You kill the kobold!
You slash the hobgoblin!
You kill the hobgoblin!
You hit the goblin. The goblin completely misses you.
The kobold hits you but does no damage.
You are poisoned.
You closely miss the goblin.
The goblin is severely wounded.
You barely miss the kobold.
You feel very sick. The goblin hits you but does no damage.
The kobold hits you with a +1 short sword of venom.
You are more poisoned.
You hit the goblin.
You kill the goblin!
You barely miss the kobold.
You feel very sick. The kobold barely misses you. x2
You barely miss the kobold.
You feel very sick. The bat hits you but does no damage.
The kobold hits you but does no damage.
You are lethally poisoned!
You miss the kobold.
* * * LOW HITPOINT WARNING * * *
You feel very sick. The bat misses you. The kobold barely misses you.
You hit the kobold but do no damage.
* * * LOW HITPOINT WARNING * * *
You feel very sick. The bat barely misses you. The kobold misses you.
The kobold closely misses you.
You slash the kobold!
You kill the kobold!
You die...

##..### #...# # #.#.#
### #. #.#.....# #.
#.#####.# #. ## #.#
##.## #..#.## #.#
##...##
...#b.?.#####.###.....#.
......)@..........†.....
.##...))†.###.###.....##
#...........# ##....#
##(...####..# ####.#
....... ...# .# .##..##.
...... .# . #.. .......#
# #.. .###.#.


You could see a bat.

Vanquished Creatures
  A worm (D:2)
  A dart slug (D:1)
  An endoplasm (D:1)
  A giant cockroach (D:1)
  4 goblins
  2 hobgoblins
  2 quokkas (D:1)
  6 ball pythons
  3 bats
  3 frilled lizards (D:1)
  3 kobolds
  3 rats (D:1)
30 creatures vanquished.

Notes
Turn   | Place    | Note
-------+----------+-------------------------------------------
     0 | D:1      | gelatine the Demonspawn Gladiator began the quest for the
                  | Orb.
     0 | D:1      | Reached XP level 1. HP: 16/16 MP: 1/1
   342 | D:1      | Gained mutation: You are partially covered in rugged brown
                  | scales. (AC +1, +3% HP) [demonic ancestry]
   342 | D:1      | Reached XP level 2. HP: 14/22 MP: 2/2
   727 | D:1      | Found a faded altar of an unknown god.
  1258 | D:2      | Gained mutation: You are mostly covered in rugged brown
                  | scales. (AC +2, +5% HP) [demonic ancestry]
  1258 | D:2      | Reached XP level 3. HP: 21/28 MP: 3/3
  1264 | D:2      | Succumbed to a kobold's poison

Illustrated notes

Levels and vault maps discovered:
D:1:      lemuel_arrival_muddy, layout_loops_ring,
          shapermc_ecumenical_altar_notcrosses, minivault_19
D:2:      layout_loops_ring, basic_altar, minmay_misc_feat_secret_circle

Skill      XL: |  1  2 |
---------------+-------+-----
Dodging        | 3 |  3.3
Axes           | 3 |  3.1
Fighting       | |  2.1
Throwing       | |  1.9
Armour         | |  0.3

Action                   || total
-------------------------++-------
Melee: War axe           ||    70
Throw: Throwing net      ||     2
       Javelin           ||     1
 Stab: Sleeping          ||     1
Armor: Leather armour    ||    23
       Scale mail        ||    16
Dodge: Dodged            ||    78

Table legend: (Time is in decaauts)
 A = Elapsed time spent in this place.
 B = Non-inter-level travel time spent in this place.
 C = Inter-level travel time spent in this place.
 D = Time resting spent in this place.
 E = Time spent auto-exploring this place.
 F = Levels seen in this place.
 G = Mean time per level.
                   A        B        C        D        E       F      G
               +--------+--------+--------+--------+--------+-----+--------+
         Total |   1293 |   1252 |     41 |      0 |    981 |   2 |  646.5 |
       Dungeon |   1293 |   1252 |     41 |      0 |    981 |   2 |  646.5 |
               +--------+--------+--------+--------+--------+-----+--------+

Top non-repeatable levels by time:
     D:1: 1179 daAuts
     D:2: 114 daAuts
